 Dungeon Crawl Stone Soup version 0.29.1-15-g9cfb28693d (webtiles) character file.

Game seed: 16580198226304758087

1942 BuddhaDhamma the Cleaver (level 8, -13/64 HPs)
             Began as a Minotaur Berserker on Mar 1, 2023.
             Was a Priest of Trog.
             Mangled by a two-headed ogre
             ... wielding a +0 giant club
              (26 damage)
             ... on level 6 of the Dungeon.
             The game lasted 00:08:36 (5694 turns).

BuddhaDhamma the Cleaver (Minotaur Berserker)       Turns: 5694, Time: 00:08:37

Health: -13/64     AC: 11    Str: 23    XL:     8   Next: 98%
Magic:  7/7        EV:  8    Int:  4    God:    Trog [***...]
Gold:   291        SH:  0    Dex: 11    Spells: 7/7 levels left

rFire   . . .      SeeInvis .   u - +0 war axe
rCold   . . .      Faith    .   (no shield)
rNeg    . . .      Spirit   .   j - +0 chain mail
rPois   +          Reflect  .   (helmet restricted)
rElec   .          Harm     .   e - +2 cloak
rCorr   .          Rampage  .   (no gloves)
Will    .....                   (no boots)
Stlth   ..........              r - amulet of regeneration
HPRegen 1.00/turn               s - ring of poison resistance
MPRegen 0.10/turn               (no ring)

@: no status effects
A: horns 2, retaliatory headbutt
a: Renounce Religion, Berserk, Trog's Hand


You were on level 6 of the Dungeon.
You worshipped Trog.
Trog was most pleased with you.
You visited 1 branch of the dungeon, and saw 6 of its levels.

You collected 291 gold pieces.

Inventory:

Hand Weapons
 u - a +0 war axe (weapon)
Missiles
 f - 2 poisoned darts (quivered)
Armour
 e - a +2 cloak (worn)
 j - a +0 chain mail (worn)
Jewellery
 i - a ring of fire
 r - an amulet of regeneration (around neck)
 s - a ring of poison resistance (left hand)
Wands
 d - a wand of roots (14)
Scrolls
 a - a scroll of identify
 l - 5 scrolls of teleportation
 n - a scroll of blinking
Potions
 b - a potion of invisibility {unknown}
 c - 2 potions of heal wounds {unknown}
 g - 4 potions of mutation {unknown}
 h - 5 potions of flight
 k - 3 potions of lignification
 m - 2 potions of degeneration {unknown}
 o - a potion of resistance {unknown}
 p - a potion of curing {unknown}
 q - a potion of magic {unknown}
 t - 2 potions of attraction {unknown}


   Skills:
 - Level 3.6 Fighting
 + Level 14.1 Axes
 - Level 2.4 Armour
 - Level 2.1 Dodging


You had 7 spell levels left.
You didn't know any spells.
Your spell library was empty.

Dungeon Overview and Level Annotations

Branches:
Dungeon (6/15)             Temple (0/1) D:5

Altars:
Cheibriados
Qazlal
Ru
Xom
The Shining One

Shops:
D:3 =   D:6 *


Innate Abilities, Weirdness & Mutations

You have a pair of horns on your head.
You reflexively headbutt those who attack you in melee.


Message History

Press: ? - help, Q - select action, (/) - cycle Shift-Dir - straight line, f - two-headed ogre
Aim: a two-headed ogre, wielding a +0 giant club and a +0 giant spiked club (72% to hit)
You throw a poisoned dart.
The poisoned dart hits the two-headed ogre.
The two-headed ogre is poisoned.
Throw: 4 darts (poison)
Press: ? - help, Q - select action, (/) - cycle Shift-Dir - straight line, f/p - two-headed ogre
Aim: a two-headed ogre, wielding a +0 giant club and a +0 giant spiked club (poisoned, 72% to hit)
You throw a poisoned dart.
The poisoned dart barely misses the two-headed ogre.
Throw: 3 darts (poison)
Press: ? - help, Q - select action, (/) - cycle Shift-Dir - straight line, f/p - two-headed ogre
Aim: a two-headed ogre, wielding a +0 giant club and a +0 giant spiked club (poisoned, 72% to hit)
You throw a poisoned dart.
The poisoned dart hits the two-headed ogre.
The two-headed ogre looks even sicker.
You slash the iguana!
The iguana is heavily wounded.
The iguana bites you.
You slash the iguana! You headbutt the iguana.
You kill the iguana!
Trog accepts your kill.
You slash the two-headed ogre!
The two-headed ogre is moderately wounded.
The two-headed ogre hits you with a +0 giant club!!
The two-headed ogre closely misses you.
You hit the two-headed ogre.
The two-headed ogre is moderately wounded.
You barely miss the two-headed ogre.
Your headbutt misses the two-headed ogre.
The two-headed ogre is moderately wounded.
The two-headed ogre hits you with a +0 giant club!
The two-headed ogre hits you with a +0 giant spiked club!
* * * LOW HITPOINT WARNING * * *
You slash the two-headed ogre!
The two-headed ogre is heavily wounded.
You slash the two-headed ogre!
The two-headed ogre is severely wounded.
The two-headed ogre hits you with a +0 giant club!!
You die...

## #. ######. ##
..[....##..
....#?..#.
.........
##......##
.#.....<.####
[#.......O@.####..
#...(.(.#........
....#...##..####.#
... #..###..# ..
.... #..# # ####.
#..# #.# #.
#.[####.###
#.###....:.....
#.......###.###


You could see a two-headed ogre (poisoned).

Vanquished Creatures
  Pikel (D:4)
  An ice beast (D:5)
  2 ogres (D:4)
  A centaur (D:6)
  A phantom (D:5)
  A lemure (D:4)
  3 scorpions
  A gnoll sergeant (D:6)
  3 wights (D:6)
  A hound (D:5)
  6 jellies
  3 orc priests
  7 iguanas
  An orc wizard (D:6)
  5 gnolls (D:6)
  8 adders
  A shadow imp (D:5)
  4 dart slugs
  9 orcs
  8 ball pythons
  7 bats
  6 endoplasms
  3 giant cockroaches
  5 goblins
  4 hobgoblins
  9 kobolds
  5 quokkas
  6 frilled lizards
  7 rats
119 creatures vanquished.

Vanquished Creatures (others)
  An orc (D:5)
  A plant (D:6)
2 creatures vanquished.

Grand Total: 121 creatures vanquished

Notes
Turn   | Place    | Note
-------+----------+-------------------------------------------
     0 | D:1      | BuddhaDhamma the Minotaur Berserker began the quest for the
                  | Orb.
     0 | D:1      | Reached XP level 1. HP: 19/19 MP: 0/0
    94 | D:1      | Reached skill level 4 in Axes
   146 | D:1      | Reached XP level 2. HP: 16/26 MP: 1/1
   871 | D:1      | Reached skill level 5 in Axes
  1030 | D:1      | Reached XP level 3. HP: 31/31 MP: 2/2
  1193 | D:2      | Found a stormy altar of Qazlal.
  1754 | D:2      | Reached ** piety under Trog
  1960 | D:3      | Reached skill level 6 in Axes
  1960 | D:3      | Reached XP level 4. HP: 39/39 MP: 3/3
  1976 | D:3      | Found Cittec's Jewellery Emporium.
  2850 | D:4      | Found a glowing golden altar of the Shining One.
  3011 | D:4      | HP: 1/39 [acid (2)]
  3014 | D:4      | Reached skill level 7 in Axes
  3014 | D:4      | Reached XP level 5. HP: 2/45 MP: 4/4
  3305 | D:4      | Noticed an ogre
  3315 | D:4      | Killed an ogre
  3315 | D:4      | Noticed an ogre
  3316 | D:4      | Reached skill level 8 in Axes
  3325 | D:4      | Killed an ogre
  3326 | D:4      | Reached XP level 6. HP: 42/51 MP: 5/5
  3572 | D:4      | Found a snail-covered altar of Cheibriados.
  3854 | D:4      | Noticed Pikel
  3872 | D:4      | Killed Pikel
  3873 | D:4      | Reached skill level 10 in Axes
  3873 | D:4      | Reached XP level 7. HP: 10/57 MP: 6/6
  4306 | D:5      | Entered Level 5 of the Dungeon
  4307 | D:5      | Found a staircase to the Ecumenical Temple.
  4317 | D:5      | Reached skill level 11 in Axes
  4342 | D:5      | Found a sacrificial altar of Ru.
  4671 | D:5      | Found a shimmering altar of Xom.
  4700 | D:5      | Reached XP level 8. HP: 54/64 MP: 7/7
  4711 | D:5      | Reached skill level 12 in Axes
  5344 | D:6      | Noticed a two-headed ogre
  5410 | D:6      | Reached skill level 13 in Axes
  5523 | D:6      | Found Veow's General Store.
  5574 | D:6      | Reached skill level 14 in Axes
  5576 | D:6      | Reached *** piety under Trog
  5694 | D:6      | Mangled by a two-headed ogre

Illustrated notes

Levels and vault maps discovered:
D:1:      dpeg_arrival_three_smaller_balls, layout_basic
D:2:      layout_loops_ring, basic_altar
D:3:      layout_basic, serial_shops, shop
D:4:      layout_loops_ring, old_standard_altar, amcnicky_altar_gilded,
          uniq_pikel
D:5:      layout_basic, xom_confusion_cloud, nicolae_ru_awakened_eye,
          temple_fountains, minmay_crystal_room,
          minmay_fractal_squares_gapless_5
D:6:      layout_loops_ring, serial_shops, shop, corexii_shack

Skill      XL: |  1  2  3  4  5  6  7  8 |
---------------+-------------------------+-----
Axes           | 4 5 6 7 8 10 11 14 | 14.1
Fighting       | |  3.6
Armour         | |  2.4
Dodging        | |  2.1

Action                   |  1- 3 |  4- 6 |  7- 9 || total
-------------------------+-------+-------+-------++-------
Melee: Hand axe          |    93 |    81 |    85 ||   259
       Headbutt          |    12 |    13 |    32 ||    57
       Punch             |     1 |     1 |     1 ||     3
       War axe           |       |       |    50 ||    50
Throw: Dart              |       |       |     3 ||     3
Invok: Berserk           |       |     2 |     1 ||     3
  Use: Scroll            |     6 |     3 |     2 ||    11
Armor: Animal skin       |     6 |       |       ||     6
       Leather armour    |     6 |       |       ||     6
       Chain mail        |    26 |    29 |    78 ||   133
Dodge: Dodged            |    54 |    26 |    38 ||   118
